 Dungeon Crawl Stone Soup version 0.16.2-12-gd0ad4c3 (webtiles) character file.

746 Gravoth the Shield-Bearer (level 7, -11/50 HPs)
             Began as an Octopode Fighter on Oct 25, 2015.
             Splashed by a jelly's acid (15 damage)
             ... on level 5 of the Dungeon.
             The game lasted 00:20:49 (4185 turns).

Gravoth the Shield-Bearer (Octopode Fighter)        Turns: 4185, Time: 00:20:50

Health: -11/50     AC: -4    Str: 16    XL:     7   Next: 77%
Magic:  7/7        EV: 14    Int: 10    God:
Gold:   131        SH:  5    Dex: 13    Spells: 0 memorised, 6 levels left

rFire  + . .     SeeInvis .     a - +1 war axe
rCold  . . .     Clarity  .     y - +0 buckler {rF+}
rNeg   . . .     SustAb   .     (helmet restricted)
rPois  .         Gourm    .     f - amulet of faith
rElec  .         Spirit   .     (no ring)
rCorr  .         Warding  .     (no ring)
rMut   .         Stasis   .     (no ring)
MR     .....                    (no ring)
Stlth  ++++......               (no ring)
                                (no ring)
                                (no ring)
                                (no ring)

@: corroded equipment, not resistant to hostile enchantments, stealthy
A: almost no armour, amphibious, 8 rings, constrict 8, camouflage 1, gelatinous
body 1
a: no special abilities


You were on level 5 of the Dungeon.
You were not hungry.

You visited 1 branch of the dungeon, and saw 5 of its levels.

You collected 269 gold pieces.
You spent 138 gold pieces at shops.

Inventory:

Hand weapons
 a - a +1 war axe (weapon)
 w - the +1 quarterstaff "Tyrye" {holy, +Blink +Inv}
   (You found it on level 4 of the Dungeon)

   It has been blessed by the Shining One to cause great damage to the undead
   and demons.
   It lets you turn invisible.
   It lets you blink.
Armour
 c - a +0 shield
 y - a +0 buckler of fire resistance (worn)
Jewellery
 f - an amulet of faith (around mantle)
Magical devices
 s - a wand of paralysis (14)
Scrolls
 b - a scroll of enchant armour {unknown}
 g - 4 scrolls of recharging
 h - 2 scrolls of remove curse
 i - 4 scrolls of identify
 k - a scroll of teleportation
 l - 2 scrolls of magic mapping
 o - a scroll of random uselessness
 r - 3 scrolls of enchant weapon
Potions
 e - 3 potions of might
 j - a potion of curing {unknown}
 p - a potion of ambrosia {unknown}
 u - a potion of poison {unknown}
 v - 2 potions of brilliance
Comestibles
 d - 7 bread rations
 m - 2 chunks of flesh
 q - a beef jerky


   Skills:
 + Level 5.3 Fighting
 - Level 2.0 Axes
 - Level 5.0 Dodging
 + Level 5.1 Stealth
 - Level 5.3 Shields


You had 6 spell levels left.
You didn't know any spells.

Dungeon Overview and Level Annotations

Branches:
Dungeon (5/15)
 Temple: D:4-7

Altars:
Ashenzari
Kikubaaqudgha
The Shining One

Shops:
D:5 [

Annotations:
D:3 Sigmund


Innate Abilities, Weirdness & Mutations

You cannot wear most types of armour.
You are amphibious.
You can wear up to eight rings at the same time.
You can use your tentacles to constrict many enemies at once.
Your skin changes colour to match your surroundings (Stealth).
Your rubbery body absorbs attacks (AC +1).


Message History

You see here a whip.
You see here a club.
You see here a club.
HP restored.
A jelly comes into view.
The jelly quivers.
You completely miss the jelly. The jelly hits you.
You are splashed with acid!
The acid burns!
You hit the jelly. The acid corrodes your equipment!
The jelly is lightly wounded.
The jelly hits you.
You are splashed with acid!
The acid burns!
The jelly hits you.
You are splashed with acid!
The acid corrodes your equipment!
The acid burns!
* * * LOW HITPOINT WARNING * * *
You slash the jelly!
The jelly is heavily wounded.
The jelly hits you.
* * * LOW HITPOINT WARNING * * *
You are splashed with acid!
The acid burns!
You die...

############
#..........#
#..........#
#..........#
#..........#
#..........#######
#................##
#...............##.
#.@J...........##..
#.............##...
#.............#...#
#.............#....
#.............#...#
#.............##...
#..............##..
#...............##.
#................##


You could see a jelly.

Vanquished Creatures
  3 ogres (D:5)
  A scorpion (D:4)
  2 crimson imps (D:5)
  A centaur skeleton (D:5)
  An iguana (D:5)
  4 worker ants
  A worker ant zombie (D:5)
  5 gnolls
  6 adders
  A white imp (D:4)
  2 worms (D:2)
  An adder skeleton (D:4)
  5 giant geckos
  3 orcs
  A bat skeleton (D:4)
  6 giant cockroaches
  5 hobgoblins
  4 jackals (D:5)
  4 kobolds
  A quokka (D:5)
  11 bats
  A giant gecko skeleton (D:4)
  5 giant newts
  9 goblins
  A goblin zombie (D:4)
  A hobgoblin zombie (D:4)
  A kobold skeleton (D:4)
  An orc skeleton (D:4)
  An orc zombie (D:4)
  A quokka skeleton (D:4)
  A quokka zombie (D:5)
  10 rats
100 creatures vanquished.

Notes
Turn   | Place    | Note
--------------------------------------------------------------
     0 | D:1      | Gravoth, the Octopode Fighter, began the quest for the Orb.
     0 | D:1      | Reached XP level 1. HP: 16/16 MP: 1/1
    64 | D:1      | Reached XP level 2. HP: 15/21 MP: 2/2
   688 | D:2      | Reached XP level 3. HP: 24/26 MP: 3/3
   694 | D:2      | Found a shattered altar of Ashenzari.
  1003 | D:2      | Reached skill level 4 in Shields
  1006 | D:2      | Reached XP level 4. HP: 25/31 MP: 4/4
  1799 | D:3      | Noticed Sigmund
  1846 | D:3      | Found an ancient bone altar of Kikubaaqudgha.
  2270 | D:4      | Reached XP level 5. HP: 25/36 MP: 5/5
  2625 | D:4      | Reached skill level 5 in Dodging
  2656 | D:4      | Found a glowing golden altar of the Shining One.
  2708 | D:4      | Reached skill level 5 in Shields
  2710 | D:4      | Reached XP level 6. HP: 42/42 MP: 6/6
  2722 | D:4      | Got a translucent quarterstaff
  2735 | D:4      | Identified the +1 quarterstaff "Tyrye" {holy, +Blink +Inv} (You found it on level 4 of the Dungeon)
  3170 | D:5      | Entered Level 5 of the Dungeon
  3259 | D:5      | Found Balung's Armour Boutique.
  3269 | D:5      | Bought a +0 buckler of fire resistance for 138 gold pieces
  3759 | D:5      | Reached XP level 7. HP: 48/48 MP: 7/7
  4084 | D:5      | Reached skill level 5 in Fighting
  4084 | D:5      | Reached skill level 5 in Stealth
  4185 | D:5      | Splashed by a jelly's acid

Action                   |  1- 3 |  4- 6 |  7- 9 || total
-------------------------+-------+-------+-------++-------
Melee: War axe           |    61 |   107 |    39 ||   207
  Use: Scroll            |       |     2 |     8 ||    10
 Stab: Sleeping          |     4 |     3 |     1 ||     8
       Distracted        |       |       |     2 ||     2
  Eat: Chunk             |       |     9 |       ||     9
       Meat ration       |       |       |     1 ||     1
